cohdb
Replays
Latest Replays
All Replays
Popular Replays
Top Player Replays
Match Explorer
How It Works
Community
CoH3 Stats
Reddit
Sign in to upload your games and track your stats! →
Sign in with Steam
Match 46500959
Unlisted
Match 46500959
Overview
Messages
Build Orders
End
Engineer Squad
Construct Barracks
1⁄4-ton 4x4 Truck
Riflemen Squad
Construct Weapon Support Center
M1919 Machine Gun Team
Mechanized Support Center
Bazooka Squad
M3 Armored Personnel Carrier
Designate Forward Repair Station
Selects Heavy Weapons
Selects Assault Carriers
Selects Exchangeable Parts
M3 Assault Carrier
Forward Retreat Point
Construct Tank Depot
M4(105) Sherman Bulldozer
Bazooka Squad
Guh
Fire [Goat Company]
J_Shizlet
Alekel
Officer
mi prima de Cifuentes
Corp.Shephard
RunningFatKids
0
0
Comments
sign in to comment!
No comments posted yet!